 Seeded DCSS version 0.30-a0-149-g7f746667c4 (webtiles) character file.

Game seed: 9422085052187304728 (custom seed)

146446 purpskrrrp the Brawler (level 16, -11/146 HPs)
             Began as a Troll Fighter on Sept 27, 2022.
             Was the Champion of Hepliaklqana.
             Mangled by a goliath frog (17 damage)
             ... on level 4 of the Swamp.
             The game lasted 01:18:14 (22633 turns).

purpskrrrp the Brawler (Troll Fighter)             Turns: 22633, Time: 01:18:14

Health: -11/146    AC: 16    Str: 44    XL:     16   Next: 89%
Magic:  21/21      EV:  8    Int:  4    God:    Hepliaklqana [******]
Gold:   1971       SH: 22    Dex:  9    Spells: 15/15 levels left

rFire   . . .      SeeInvis .      - Unarmed
rCold   . . .      Faith    .    x - +2 tower shield {rPois}
rNeg    . . .      Spirit   .    X - +0 swamp dragon scales
rPois   +          Reflect  .    V - +1 hat "Nukhlaqe" {Fly Str+4 Slay+5 Stlth-}
rElec   .          Harm     .    k - +0 cloak
rCorr   .          Rampage  .    (gloves unavailable)
Will    ++...                    (boots unavailable)
Stlth   ..........               o - amulet of Puoro {Fly rPois Will+ Regen+}
HPRegen 1.94/turn                O - +6 ring of strength
MPRegen 0.17/turn                i - ring of the Tortoise {AC+8}

@: corroded, flying
A: reduced essence, large, unfitting armour, claws 3, regeneration 1, shaggy fur
1, tough skin 1, iridescent scales 1, large bone plates 1
a: Renounce Religion, Recall Ancestor, Ancestor Identity, Transference, Idealise


You were on level 4 of the Swamp.
You worshipped Hepliaklqana.
Hepliaklqana was exalted by your worship.
You visited 5 branches of the dungeon, and saw 27 of its levels.
You also visited: Sewer, Ossuary, Gauntlet and Ice Cave.

You collected 2617 gold pieces.
You spent 646 gold pieces at shops.

Inventory:

Hand Weapons
 e - a +3 lajatang of speed
 F - a +2 demon whip of venom
 R - a +9 demon trident
 T - the +9 war axe "Sath" {holy, Dex+4}
   (You found it in an ice cave)

   It has been blessed by the Shining One to cause great damage to the undead
   and demons.
   Dex:       It affects your dexterity (+4).
Missiles
 S - a throwing net
Armour
 k - a +0 cloak (worn)
 l - a +2 troll leather armour {Snorg}
 n - a +2 hat
 u - a +2 kite shield of cold resistance
 x - a +2 tower shield of poison resistance (worn)
 D - a +0 troll leather armour
 H - +2 steam dragon scales
 V - the +1 hat "Nukhlaqe" (worn) {Fly Str+4 Slay+5 Stlth-}
   (You acquired it on level 2 of the Swamp)

   Str:       It affects your strength (+4).
   Slay:      It affects your accuracy & damage with ranged weapons and melee
   (+5).
   Fly:       It grants you flight.
   Stlth:     It makes you less stealthy.
 X - +0 swamp dragon scales (worn)
Jewellery
 c - a +6 ring of strength
 f - the amulet "Eteopila" {Acrobat -Tele Rampage Dex+5}
   (You found it in a Gauntlet)

   [amulet of the acrobat]

   It increases your evasion while moving and waiting.
   Dex:       It affects your dexterity (+5).
   -Tele:     It prevents most forms of teleportation.
   Rampage:   It bestows one free step when moving towards enemies.
 i - the ring of the Tortoise (right claw) {AC+8}
   (You found it in a Gauntlet)

   [ring of protection]

   AC:        It affects your AC (+8).
 o - the amulet of Puoro (around neck) {Fly rPois Will+ Regen+}
   (You found it on level 3 of the Dungeon)

   [amulet of regeneration]

   rPois:     It protects you from poison.
   Fly:       It grants you flight.
   Regen:     It increases your rate of health regeneration.
   Will:      It increases your willpower.
 q - a +6 ring of strength
 E - a +6 ring of intelligence
 K - the ring of Lontul {rElec rPois rC+ Str-5}
   (You found it in an ice cave)

   [ring of protection from cold]

   Str:       It affects your strength (-5).
   rC:        It protects you from cold.
   rElec:     It insulates you from electricity.
   rPois:     It protects you from poison.
 N - the amulet "Asusacif" {Acrobat Int+4 Dex-3 Stlth+}
   (You found it in an ice cave)

   [amulet of the acrobat]

   It increases your evasion while moving and waiting.
   Int:       It affects your intelligence (+4).
   Dex:       It affects your dexterity (-3).
   Stlth:     It makes you more stealthy.
 O - a +6 ring of strength (left claw)
 P - the amulet of Koyz {Spirit Fragile Int+2 SInv Stlth+}
   (You found it in an ice cave)

   [amulet of guardian spirit]

   It causes incoming damage to be divided between your reserves of health and
   magic.
   Int:       It affects your intelligence (+2).
   SInv:      It lets you see invisible.
   Fragile:   It will be destroyed if unequipped.
   Stlth:     It makes you more stealthy.
 W - the ring "Ytzesum" {Fly Will- Str+8 Int+6 Dex-2}
   (You found it on level 2 of the Swamp)

   [ring of intelligence]

   Str:       It affects your strength (+8).
   Int:       It affects your intelligence (+6).
   Dex:       It affects your dexterity (-2).
   Fly:       It grants you flight.
   Will:      It decreases your willpower.
Wands
 s - a wand of acid (7)
 t - a wand of flame (106) (quivered)
 w - a wand of paralysis (41)
 G - a wand of digging (10)
 J - a wand of polymorph (10)
 L - a wand of iceblast (15)
 Y - a wand of mindburst (3)
Scrolls
 a - 18 scrolls of identify
 g - 14 scrolls of teleportation
 m - 2 scrolls of amnesia
 y - 2 scrolls of poison
 M - 3 scrolls of fog
 U - 3 scrolls of magic mapping
Potions
 b - 6 potions of might
 d - 8 potions of heal wounds
 h - 14 potions of curing
 j - 12 potions of degeneration
 p - 8 potions of mutation
 r - 8 potions of ambrosia
 v - 3 potions of brilliance
 z - 4 potions of cancellation
 A - 8 potions of haste
 B - a potion of magic
 C - 4 potions of resistance
 Q - 5 potions of berserk rage
Miscellaneous
 I - a condenser vane


   Skills:
 + Level 11.6 Fighting
 + Level 9.0 Armour
 - Level 5.3 Dodging
 * Level 13.4 Shields
 * Level 19.2 Unarmed Combat
 - Level 9.1 Invocations


You had 15 spell levels left.
You didn't know any spells.
Your spell library contained the following spells:

 Spells                   Type           Power      Damage    Failure   Level
 Apportation              Tloc           0%         N/A       91%         1
 Freeze                   Ice            0%         1d3       91%         1
 Sandblast                Erth           0%         2d4       91%         1
 Sting                    Tmut/Pois      0%         1d3       91%         1
 Summon Small Mammal      Summ           0%         N/A       91%         1
 Ensorcelled Hibernation  Hex/Ice        0%         N/A       97%         2
 Passwall                 Tmut/Erth      0%         N/A       97%         2
 Poisonous Vapours        Pois/Air       0%         N/A       97%         2
 Call Canine Familiar     Summ           0%         N/A       100%        3
 Ignite Poison            Fire/Tmut/Pois 0%         N/A       100%        3
 Portal Projectile        Hex/Tloc       0%         N/A       100%        3
 Spider Form              Tmut/Pois      0%         N/A       100%        3
 Stone Arrow              Conj/Erth      0%         3d7       100%        3
 Tukima's Dance           Hex            0%         N/A       100%        3
 Anguish                  Hex/Necr       0%         N/A       100%        4
 Leda's Liquefaction      Hex/Erth       0%         N/A       100%        4
 Olgreb's Toxic Radiance  Pois           0%         N/A       100%        4
 Passage of Golubria      Tloc           0%         N/A       100%        4
 Sticky Flame             Conj/Fire      0%         2d3       100%        4
 Alistair's Intoxication  Tmut/Pois      0%         N/A       100%        5
 Silence                  Hex/Air        0%         N/A       100%        5
 Lehudib's Crystal Spear  Conj/Erth      0%         10d2      100%        8


Dungeon Overview and Level Annotations

Branches:
Dungeon (15/15)            Temple (1/1) D:7            Lair (5/5) D:8
  Swamp (4/4) Lair:3       Spider (0/4) Lair:2        Slime (0/5) Lair:5
    Orc (2/2) D:9             Elf (0/3) Orc:2        Vaults (0/5) D:13
 Depths (0/4) D:15          Sewer (visited)         Ossuary (visited)
  IceCv (visited)         Gauntlet (visited)

Altars:
Ashenzari
Cheibriados
Dithmenos
Elyvilon
Fedhas
Gozag
Hepliaklqana
Kikubaaqudgha
Makhleb
Nemelex Xobeh
Okawaru
Qazlal
Ru
Sif Muna
Trog
Uskayaw
Vehumet
Wu Jian
Xom
Yredelemnul
Zin
The Shining One
Jiyva

Shops:
D:4 =   D:6 [   D:8 (   D:13 =   Orc:2 ![*:

Portals:
Pandemonium: Orc:2

Annotations:
D:6 2 runed translucent doors, 123456's ghost, novice GrEE
D:14 2 transporters


Innate Abilities, Weirdness & Mutations

Your life essence is reduced to manifest your ancestor. (-10% HP)
You are too large for most types of armour.
You have claws for hands.
Your natural rate of healing is unusually fast.
You are covered in fur. (AC +1)
You have tough skin. (AC +1)
You are partially covered in iridescent scales. (AC +2)
You are partially covered in large bone plates. (SH +4)


Message History

You are too injured to fight recklessly!
You are too injured to fight recklessly!
You are too injured to fight recklessly!
You are too injured to fight recklessly!
You are too injured to fight recklessly!
You are too injured to fight recklessly!
You are too injured to fight recklessly!
You are too injured to fight recklessly!
You are too injured to fight recklessly!
You are too injured to fight recklessly!
You are too injured to fight recklessly!
You are too injured to fight recklessly!
The goliath frog hits you! The acid corrodes you!
You are splashed with acid.
Angry insects surge out from beneath the shambling mangrove's foliage!
You block the shambling mangrove's attack.
Okay, then.
You block the goliath frog's attack.
Roots burst forth from the earth!
The grasping roots grab you! The grasping roots constrict you!
You feel much better. You block the goliath frog's attack.
The swamp worm bites you!
The goliath frog hits you but does no damage.
The bunyip howls a warning cry!
You block the hornet's attack. You block the swamp worm's attack.
The goliath frog hits you from afar!
You are splashed with acid!
* * * LOW HITPOINT WARNING * * *
The grasping roots constrict you.
You hear a roar! x4; You hear a deafening roar!
You hear a roar! x5
You escape the roots grasp.
The bunyip attacks as you move away!
You block the bunyip's attack. x2; The bunyip claws you!!
* * * LOW HITPOINT WARNING * * *
The swamp worm attacks as you move away!
The swamp worm bites you but does no damage.
The goliath frog hits you from afar.
* * * LOW HITPOINT WARNING * * *
You are splashed with acid!
* * * LOW HITPOINT WARNING * * *
The swamp worm fires a harpoon shot at you.
You block the harpoon shot. The goliath frog hits you from afar!
You die...

♣~~~~~~~~~§~.~~~..♣
♣♣.~~~~~~~~..~~~~~.♣#
♣~♣.~~~~~.♣.~~~~~..~#
~~~~~~~~~.~~~~~~...~♣#
♣~.~~~~~.!~~~~~~~...♣#
♣♣~.~§~~fy~†~~~~~....~♣#
§~..~~~~wx~~~~†......~~♣
~?..~~~~~FF~.~~~♣♣♣♣.~~~
.~~~~~§@y§~.♣♣~~♣ ♣..~..
♣♣..~~~~§~..♣♣♣♣♣ ♣.....
♣~~~~~~.♣~.~♣ ♣♣.~♣~.
..~~§~§.♣~~~.♣ ♣~.~♣..
..~~~~~.♣...~♣ ♣♣.♣.~~
♣♣♣..~~~~♣~♣♣♣ ♣♣♣...♣
♣♣...~♣ ♣♣ ♣♣♣...~~♣
♣♣♣.~~ ♣♣~.~~~.§♣ .♣♣
♣~~.~~~.♣♣


You could see a shambling mangrove, a bunyip (catching breath), 2 goliath frogs,
a swamp worm and 2 hornets.

Vanquished Creatures
  Gastronok (Lair:3)
  Agnes (D:15)
  An azure jelly (IceCv)
  A stone giant (D:15)
  2 quicksilver oozes
  3 eleionomae
  The ghost of Iusername the Protected, a journeyman MiFi of Ashenzari (D:13)
  Snorg (Lair:3)
  A bunyip (Swamp:2)
  A shambling mangrove (Swamp:3)
  A spriggan air mage (Swamp:1)
  9 hydras
  6 vault guards (D:13)
  A merfolk avatar (Lair:5)
  5 ghost crabs
  A demonspawn (Orc:2)
  8 centaur warriors
  The ghost of Diaxkar the Geomancer, a journeyman DsFE of Vehumet (Lair:1)
  3 boulder beetles
  6 alligators
  A dancing weapon (D:13)
  3 two-headed ogres
  7 orc high priests (Orc:2)
  2 tengu warriors (D:15)
  4 death yaks (Lair:5)
  Amaemon (D:11)
  4 goliath frogs
  3 spriggan druids
  5 bog bodies
  2 harpies (Lair:5)
  Pikel (D:5)
  5 ugly things
  A deep elf pyromancer (D:13)
  2 orc knights (Orc:2)
  3 swamp dragons
  2 manticores (Lair:5)
  6 orc sorcerers
  A will-o-the-wisp (Swamp:2)
  2 cyclopes
  9 elephants (Lair:5)
  Maurice (D:8)
  Joseph (D:10)
  2 black mambas
  2 torpor snails
  7 centaur zombies (D:15)
  A molten gargoyle (D:13)
  2 ice statues (IceCv)
  An orange demon (D:11)
  8 cane toads
  Maggie (D:6)
  An efreet (D:15)
  2 redback zombies (D:15)
  2 unseen horrors (D:10)
  3 rime drakes (Lair:5)
  2 kobold demonologists
  5 komodo dragons
  A hellwing (Orc:2)
  A meliai (D:14)
  6 trolls
  A harpy zombie (D:15)
  A wind drake (shapeshifter) (D:15)
  A queen bee (Orc:1)
  A wind drake (Lair:5)
  2 polar bears
  10 tyrant leeches
  Prince Ribbit (D:6)
  10 hornets
  13 slime creatures
  5 dream sheep
  5 blink frogs
  2 meliai zombies (D:15)
  7 spriggans
  2 shadows
  2 wyverns
  40 yaks
  A vampire (D:12)
  A basilisk (Lair:4)
  3 steam dragons
  10 small abominations (Gauntlet)
  8 vampire mosquitoes
  2 chaos spawn (Orc:2)
  A warg (Orc:2)
  10 swamp worms
  A death yak simulacrum (D:12)
  12 water moccasins
  Duvessa (D:4)
  5 swamp drakes
  2 ice beasts (D:6)
  29 orc warriors
  A sky beast (D:6)
  3 black bears
  13 ogres
  2 great orb of eyes simulacra (IceCv)
  18 centaurs
  2 lemures (D:5)
  2 kobold brigands
  2 slime creature simulacra (IceCv)
  11 bullfrogs
  2 necrophages
  A gnoll sergeant (D:9)
  A scorpion (D:7)
  A two-headed ogre simulacrum (D:12)
  2 glowing shapeshifter simulacra (IceCv)
  9 wights
  Dowan (D:4)
  29 killer bees
  6 howler monkeys
  An electric eel (Lair:1)
  2 jellies
  Crazy Yiuf (D:5)
  22 orc priests
  3 hounds
  Terence (D:2)
  3 gnoll boudas
  2 boggart zombies (D:15)
  6 iguanas
  Ijyb (D:5)
  19 orc wizards
  7 hell rats
  A troll simulacrum (D:12)
  2 polar bear simulacra (D:12)
  8 mummies (Ossuary)
  Robin (D:3)
  14 adders
  21 gnolls
  2 naga simulacra (D:12)
  4 river rats
  2 shadow imps (D:6)
  A white imp (D:7)
  An ufetubus (D:7)
  3 worms
  4 dart slugs
  94 orcs
  4 endoplasms
  4 giant cockroaches
  15 goblins
  12 hobgoblins
  7 jackals (D:2)
  6 kobolds
  3 quokkas
  21 ball pythons
  4 bats (D:1)
  2 frilled lizards (D:2)
  A gnoll zombie (Ossuary)
  2 hobgoblin zombies (Ossuary)
  A kobold zombie (Ossuary)
  4 orc zombies (Ossuary)
  29 rats
  2 briar patches (Swamp:3)
805 creatures vanquished.

Vanquished Creatures (collateral kills)
  A thorn hunter (Swamp:3)
  2 fenstrider witches
  An orc warlord (Orc:1)
  A quicksilver ooze (IceCv)
  An eleionoma (Swamp:1)
  A bunyip (Swamp:2)
  A minotaur (Gauntlet)
  2 vault guards (D:13)
  3 hydras
  A centaur warrior (D:13)
  A two-headed ogre (D:12)
  4 alligators
  2 death yaks (Lair:5)
  Urug (D:10)
  An orc high priest (Orc:2)
  3 goliath frogs
  A wolf spider zombie (D:15)
  2 orc knights (Orc:2)
  A deep elf pyromancer (D:15)
  An orc sorcerer (Orc:2)
  2 elephants (Lair:5)
  2 cyclopes
  2 ugly things
  A will-o-the-wisp (Swamp:3)
  6 slime creatures
  A manticore (Lair:5)
  A black mamba (Lair:4)
  4 cane toads
  A torpor snail (Lair:5)
  A gargoyle (D:12)
  3 rime drakes
  An unseen horror (D:13)
  A kobold demonologist (D:11)
  A polar bear (Lair:1)
  3 meliai
  A troll (D:12)
  3 tyrant leeches
  2 hornets
  A dream sheep (Lair:4)
  3 spriggans
  4 yaks
  A steam dragon (Lair:5)
  A warg (Orc:1)
  7 swamp worms
  5 water moccasins
  6 orc warriors
  A great orb of eyes simulacrum (IceCv)
  An ogre (Orc:1)
  4 centaurs
  A bullfrog (Lair:4)
  A glowing shapeshifter simulacrum (IceCv)
  A gnoll sergeant (D:9)
  14 killer bees
  2 howler monkeys
  2 electric eels
  5 orc priests
  3 orc wizards (Orc:1)
  4 hell rats
  A troll simulacrum (D:12)
  21 orcs
  8 kobolds
164 creatures vanquished.

Vanquished Creatures (others)
  An alligator (Swamp:3)
  A swamp dragon (Swamp:3)
  5 bloated husks
  A swamp drake (Swamp:3)
  A slime creature simulacrum (IceCv)
  21 battlemagi
  A demonic plant (Gauntlet)
  9 foxfires
  18 fungi
  45 plants
103 creatures vanquished.

Grand Total: 1072 creatures vanquished

Notes
Turn   | Place    | Note
-------+----------+-------------------------------------------
     0 | D:1      | purpskrrrp the Troll Fighter began the quest for the Orb.
     0 | D:1      | Reached XP level 1. HP: 22/22 MP: 0/0
   149 | D:1      | Reached XP level 2. HP: 27/29 MP: 1/1
   209 | D:1      | Found a faded altar of an unknown god.
   511 | D:2      | Reached skill level 3 in Unarmed Combat
   511 | D:2      | Reached XP level 3. HP: 29/36 MP: 2/2
   826 | D:2      | Noticed Terence
   834 | D:2      | Killed Terence
   835 | D:2      | Reached XP level 4. HP: 44/44 MP: 3/3
   975 | D:2      | Reached skill level 4 in Unarmed Combat
  1182 | D:3      | Noticed Robin
  1188 | D:3      | Killed Robin
  1189 | D:3      | Reached XP level 5. HP: 50/50 MP: 4/4
  1421 | D:3      | Identified the amulet of Puoro {Fly rPois Will+ Regen+}
  1851 | D:4      | Noticed an ogre
  1857 | D:4      | Killed an ogre
  1858 | D:4      | Reached skill level 5 in Unarmed Combat
  1858 | D:4      | Reached XP level 6. HP: 25/59 MP: 5/5
  1985 | D:4      | Found Keypump's Jewellery Emporium.
  2027 | D:4      | Noticed Duvessa
  2028 | D:4      | Noticed Dowan
  2048 | D:4      | Killed Duvessa
  2058 | D:4      | Killed Dowan
  2059 | D:4      | Reached skill level 6 in Unarmed Combat
  2172 | D:4      | Found a blossoming altar of Fedhas.
  2179 | D:4      | Found an ancient bone altar of Kikubaaqudgha.
  2440 | D:5      | Entered Level 5 of the Dungeon
  2440 | D:5      | Found a glowing silver altar of Zin.
  2448 | D:5      | Reached XP level 7. HP: 42/67 MP: 6/6
  2553 | D:5      | Found an ornate altar of the Wu Jian Council.
  2612 | D:5      | Noticed Ijyb
  2616 | D:5      | Paralysed by Ijyb for 3 turns
  2624 | D:5      | Killed Ijyb
  2752 | D:5      | Noticed Pikel
  2774 | D:5      | Killed Pikel
  2775 | D:5      | Reached skill level 5 in Shields
  2775 | D:5      | Reached skill level 7 in Unarmed Combat
  2775 | D:5      | Reached XP level 8. HP: 53/78 MP: 7/7
  2822 | D:5      | Found a runed translucent door.
  2823 | D:5      | Noticed Crazy Yiuf
  3135 | D:5      | Killed Crazy Yiuf
  3292 | D:6      | Reached skill level 8 in Unarmed Combat
  3451 | D:6      | Reached skill level 9 in Unarmed Combat
  3456 | D:6      | Reached XP level 9. HP: 85/85 MP: 8/8
  3463 | D:6      | Found a glowing drain.
  3496 | Sewer    | Entered a sewer
  3790 | D:6      | Found a large runed translucent door.
  3791 | D:6      | Found a large runed translucent door.
  3794 | D:6      | Noticed 123456's ghost (novice GrEE)
  3820 | D:6      | Reached skill level 5 in Fighting
  3938 | D:6      | Found Veymiyg's Antique Armour Boutique.
  3981 | D:6      | Noticed Prince Ribbit
  4006 | D:6      | Killed Prince Ribbit
  4007 | D:6      | Reached skill level 10 in Unarmed Combat
  4241 | D:6      | Noticed Maggie
  4248 | D:6      | Killed Maggie
  4612 | D:7      | Found a sand-covered staircase.
  4625 | Ossuary  | Entered an ossuary
  4829 | D:7      | Found a staircase to the Ecumenical Temple.
  4837 | D:7      | Reached XP level 10. HP: 81/98 MP: 9/9
  4877 | Temple   | Entered the Ecumenical Temple
  5150 | Temple   | Became a worshipper of Hepliaklqana the Forgotten
  5323 | D:7      | Found a bloodstained altar of Trog.
  5382 | D:7      | Found a shimmering blue altar of Sif Muna.
  5393 | D:7      | Reached skill level 11 in Unarmed Combat
  5631 | D:7      | Got Sif Muna's Grimoire of Convocation
  5837 | D:8      | Noticed Maurice
  5880 | D:8      | Killed Maurice
  5911 | D:8      | Found Tacoehu's Weapon Shop.
  6014 | D:8      | Reached skill level 12 in Unarmed Combat
  6058 | D:8      | Found a staircase to the Lair.
  6364 | D:8      | Identified the +3 leather armour of Sin {MP+9 Int+3}
  6369 | D:8      | Found a glowing golden altar of the Shining One.
  6376 | D:8      | Reached * piety under Hepliaklqana
  6655 | D:9      | Found a broken altar of Ashenzari.
  6709 | D:9      | Found a sparkling altar of Nemelex Xobeh.
  6755 | D:9      | Found a staircase to the Orcish Mines.
  6842 | D:9      | Reached XP level 11. HP: 92/98 MP: 10/10
  6928 | D:9      | Found a shadowy altar of Dithmenos.
  7290 | D:10     | Entered Level 10 of the Dungeon
  7384 | D:10     | Noticed Joseph
  7396 | D:10     | Killed Joseph
  7633 | D:10     | Reached skill level 13 in Unarmed Combat
  7691 | D:10     | Reached ** piety under Hepliaklqana
  7692 | D:10     | Remembered your ancestor Xiloxoch as a battlemage
  7728 | D:10     | Noticed Urug
  7736 | D:10     | Killed Urug
  7985 | D:10     | Reached skill level 1 in Armour
  8144 | D:11     | Noticed a two-headed ogre
  8147 | D:11     | Killed a two-headed ogre
  8154 | D:11     | Reached skill level 1 in Invocations
  8278 | D:11     | Noticed Amaemon
  8289 | D:11     | Killed Amaemon
  8379 | D:11     | Noticed a brown ugly thing
  8386 | D:11     | Killed a brown ugly thing
  8501 | D:11     | Noticed a two-headed ogre
  8511 | D:11     | Killed a two-headed ogre
  8779 | D:12     | Identified the +5 falchion of Discord {antimagic, Fragile
                  | rN++ Str+3}
  8830 | D:12     | Reached *** piety under Hepliaklqana
  8940 | D:12     | Reached XP level 12. HP: 107/107 MP: 12/12
  8957 | D:12     | Found a frozen archway.
  9054 | IceCv    | Entered an ice cave
  9111 | IceCv    | Reached skill level 14 in Unarmed Combat
  9185 | IceCv    | Identified the amulet of Koyz {Spirit Fragile Int+2 SInv
                  | Stlth+}
  9295 | IceCv    | Noticed a quicksilver ooze
  9307 | IceCv    | Killed a quicksilver ooze
  9407 | IceCv    | Noticed a quicksilver ooze
  9417 | IceCv    | Killed a quicksilver ooze
  9521 | IceCv    | HP: 2/109 [large slime creature (34)]
  9627 | IceCv    | Found a viscous altar of Jiyva.
  9627 | IceCv    | Noticed an azure jelly
  9640 | IceCv    | Killed an azure jelly
  9685 | IceCv    | Reached skill level 10 in Shields
  9699 | IceCv    | Got the ring of Lontul {rElec rPois rC+ Str-5}
  9700 | IceCv    | Identified the +9 war axe "Sath" {holy, Dex+4}
  9704 | IceCv    | Identified the amulet "Asusacif" {Acrobat Int+4 Dex-3
                  | Stlth+}
  9810 | D:12     | Noticed a two-headed ogre
  9816 | D:12     | Killed a two-headed ogre
 10474 | D:12     | Gained mutation: You are partially covered in large bone
                  | plates. (SH +4) [potion of mutation]
 10474 | D:12     | Gained mutation: You are partially covered in iridescent
                  | scales. (AC +2) [potion of mutation]
 10516 | D:13     | Noticed a centaur warrior
 10524 | D:13     | Killed a centaur warrior
 10525 | D:13     | Reached skill level 15 in Unarmed Combat
 10537 | D:13     | Noticed a boulder beetle
 10542 | D:13     | Killed a boulder beetle
 10572 | D:13     | Noticed a centaur warrior
 10582 | D:13     | Killed a centaur warrior
 10583 | D:13     | Reached XP level 13. HP: 114/117 MP: 15/15
 10672 | D:13     | Reached skill level 5 in Invocations
 10879 | D:13     | Reached skill level 5 in Armour
 10908 | D:13     | Reached **** piety under Hepliaklqana
 10932 | D:13     | Found a runed translucent door.
 10932 | D:13     | Found a shimmering altar of Xom.
 10932 | D:13     | Noticed Iusername's ghost (journeyman MiFi)
 10941 | D:13     | Found Jautriab's Jewellery Shop.
 11002 | D:13     | Found a blossoming altar of Fedhas.
 11063 | D:13     | Found a gate to the Vaults.
 11187 | D:13     | Killed Iusername's ghost
 11385 | D:14     | Found a radiant altar of Vehumet.
 11468 | D:14     | Reached skill level 16 in Unarmed Combat
 11605 | D:14     | Found a transporter.
 12066 | D:14     | Noticed a tengu reaver
 12082 | D:14     | Found a transporter.
 12240 | D:15     | Entered Level 15 of the Dungeon
 12305 | D:15     | Reached XP level 14. HP: 126/126 MP: 17/17
 12337 | D:15     | Found a basalt altar of Yredelemnul.
 12512 | D:15     | Found a staircase to the Depths.
 12512 | D:15     | Noticed a stone giant
 12519 | D:15     | Killed a stone giant
 12561 | D:15     | Noticed Agnes
 12571 | D:15     | Killed Agnes
 12658 | D:15     | Reached ***** piety under Hepliaklqana
 13104 | Lair:1   | Entered Level 1 of the Lair of Beasts
 13330 | Lair:1   | Reached skill level 10 in Fighting
 13401 | Lair:1   | Found a runed translucent door.
 13402 | Lair:1   | Noticed Diaxkar's ghost (journeyman DsFE)
 13766 | Lair:1   | Killed Diaxkar's ghost
 13919 | Lair:2   | Found a hole to the Spider Nest.
 14686 | Lair:3   | Reached skill level 17 in Unarmed Combat
 14842 | Lair:3   | Noticed Gastronok
 14853 | Lair:3   | Killed Gastronok
 14967 | Lair:3   | Found a gate leading to a gauntlet.
 14978 | Gauntlet | Entered a Gauntlet
 14978 | Gauntlet | Found a transporter.
 14978 | Gauntlet | Found a transporter.
 14988 | Gauntlet | Found a transporter.
 14992 | Gauntlet | Found a transporter.
 15008 | Gauntlet | Found a transporter.
 15012 | Gauntlet | Found a transporter.
 15019 | Gauntlet | Noticed a quicksilver ooze
 15028 | Gauntlet | Found a transporter.
 15037 | Gauntlet | Found a transporter.
 15085 | Gauntlet | Found a transporter.
 15086 | Gauntlet | Found a transporter.
 15094 | Gauntlet | Found a transporter.
 15098 | Gauntlet | Found a transporter.
 15176 | Gauntlet | Got the Quarto of Ensnaring Hoarfrost
 15256 | Gauntlet | Killed a quicksilver ooze
 15274 | Gauntlet | Identified the amulet "Eteopila" {Acrobat -Tele Rampage
                  | Dex+5}
 15300 | Gauntlet | Identified the +6 battleaxe of the Hall of Blades {vorpal,
                  | Fly rPois}
 15302 | Gauntlet | Found the ring of the Tortoise {AC+8}
 15354 | Lair:3   | Noticed Snorg
 15360 | Lair:3   | Killed Snorg
 15378 | Lair:3   | Found a staircase to the Swamp.
 16234 | Lair:4   | Reached ****** piety under Hepliaklqana
 16951 | Lair:5   | Entered Level 5 of the Lair of Beasts
 17082 | Lair:5   | Reached XP level 15. HP: 136/136 MP: 19/19
 17188 | Lair:5   | Found a staircase to the Slime Pits.
 17188 | Lair:5   | Found a viscous altar of Jiyva.
 18287 | Orc:1    | Entered Level 1 of the Orcish Mines
 18485 | Orc:1    | You are sucked into a shaft and drop 1 floor!
 18485 | Orc:2    | Entered Level 2 of the Orcish Mines
 18654 | Orc:2    | Found a staircase to the Elven Halls.
 18673 | Orc:2    | Reached skill level 18 in Unarmed Combat
 18902 | Orc:2    | Found Tarchuv's General Store.
 18903 | Orc:2    | Found Huamoz's Distillery.
 19013 | Orc:2    | Bought a scroll of fear for 64 gold pieces
 19015 | Orc:2    | Bought a potion of haste for 140 gold pieces
 19015 | Orc:2    | Bought a potion of haste for 140 gold pieces
 19015 | Orc:2    | Bought a potion of heal wounds for 70 gold pieces
 19184 | Orc:2    | Found Nuon's Antique Armour Emporium.
 19184 | Orc:2    | Found Tyenoton's Book Shoppe.
 19185 | Orc:2    | Found a one-way gate leading to the halls of Pandemonium.
 19192 | Orc:2    | Bought a shiny tower shield for 232 gold pieces
 19958 | Orc:1    | Reached XP level 16. HP: 144/145 MP: 21/21
 20475 | Swamp:1  | Entered Level 1 of the Swamp
 20922 | Swamp:1  | Reached skill level 5 in Dodging
 21480 | Swamp:2  | Paralysed by a fenstrider witch for 2 turns
 21664 | Swamp:2  | Identified a scroll of acquirement
 21677 | Swamp:2  | Identified the ring "Ytzesum" {Fly Will- Str+8 Int+6 Dex-2}
 21766 | Swamp:2  | Acquired the +1 hat "Nukhlaqe" {Fly Str+4 Slay+5 Stlth-}
 21932 | Swamp:3  | Noticed a thorn hunter
 21938 | Swamp:3  | Killed a thorn hunter
 22025 | Swamp:3  | Reached skill level 19 in Unarmed Combat
 22261 | Swamp:3  | Identified the +3 mace of Blood-Lust {freeze, *Rage Drain
                  | Will++ Str+8}
 22411 | Swamp:4  | Entered Level 4 of the Swamp
 22633 | Swamp:4  | HP: 6/146 [acid (8)]
 22633 | Swamp:4  | Mangled by a goliath frog

Illustrated notes

Levels and vault maps discovered:
D:1:      psy_arrival_statuary, layout_rooms, dreamdust_ecumenical_altar_grove,
          st_stairs_13, minmay_misc_feat_encased, serial_park_tiny_1
D:2:      layout_basic, corexii_item_surrounded_by_moat, uniq_terence
D:3:      layout_basic, uniq_robin
D:4:      layout_cave_pools, grunt_temple_overflow_growth_and_decay,
          serial_shops, kennysheep_little_box, uniq_duvessa
D:5:      layout_cave_pools, nicolae_wu_jian_wuxing_cycle, lemuel_crystal_altar,
          kennysheep_small_square, uniq_ijyb, uniq_pikel,
          uniq_crazy_yiuf_cottage
D:6:      layout_loops_ring, portal_sewer_entry_a, serial_shops,
          nicolae_take_the_stairs, ebering_ghost_disaster_area,
          hangedman_decor_growths, minmay_checkerbox, uniq_maggie,
          uniq_prince_ribbit1
D:7:      layout_loops_ring, lightli_temple_of_fire, led_sif_book,
          minmay_temple_entry_grid, enter_ossuary_1
D:8:      layout_loops_ring, nicolae_tso_carved_into_rock,
          grunt_lair_entry_orc_guard_hut, serial_shops, shop, special_room
          [special_room_orc], uniq_maurice
D:9:      layout_loops_ring, nicolae_ashenzari_skybound,
          lemuel_coloured_pillars_altar, amcnicky_altar_gilded, david_orc_2
D:10:     layout_gridville, uniq_joseph, uniq_urug
D:11:     layout_roguey, uniq_amaemon
D:12:     layout_cave_pods, portal_ice_cave_entry_ice_simulacra
D:13:     layout_gridville, erik_vaults_2, serial_shops,
          nicolae_shop_behind_doors, ebering_ghost_xom, nicolae_lava_and_water,
          fedhas_altar_4
D:14:     gammafunk_the_bubble [the_bubble_gammafunk_grid], layout_basic,
          fiery_altar_vehumet, kennysheep_crisscross
D:15:     grunt_enter_depths_snipers, layout_loops_ring, hangedman_decor_points,
          nicolae_yredelemnul_corpse_copse, uniq_agnes
Temple:   nicolae_temple_bog_church
Lair:1:   layout_gridlike, ebering_ghost_inner_flame, minivault_26,
          serial_bayou_shore_a
Lair:2:   layout_regular_city, hellmonk_spider_entry_not_the_bees
Lair:3:   layout_concentric_octagons, skrybe_swamp_entry_bodies,
          gauntlet_entry_generic, uniq_gastronok, uniq_snorg
Lair:4:   layout_cave_pods, grunt_megastairs_2
Lair:5:   gammafunk_lair_ancient_temple, layout_layer_cave, slime_entry_1,
          chequers_serial_rivers_marsh, fungi_pond_lemuel,
          infiniplex_staircase_pool
Swamp:1:  layout_basic_swamp, evilmike_swamp_ruin_house_2, swamp_pool1
Swamp:2:  layout_basic_swamp, nicolae_swamp_dense_foliage, swamp_pool5,
          nicolae_swamp_hydra_murder_den
Swamp:3:  layout_basic_swamp, nicolae_swamp_tree_designs, swamp_pool5,
          st_swamp_ruins_3
Swamp:4:  swamp, layout_basic_swamp
Orc:1:    layout_caves, special_room [special_room_bee]
Orc:2:    pf_orc_diabolical, layout_caves, basic_altar

Skill      XL: |  1  2  3  4  5  6  7  8  9 10 11 12 13 14 15 16 |
---------------+-------------------------------------------------+-----
Shields        | 3 4 5 6 7 8 9 10 11 12 13 | 13.4
Unarmed Combat | 3 4 5 6 7 9 10 12 13 15 16 17 18 19 | 19.2
Fighting       | 3 4 6 7 8 9 10 11 | 11.6
Armour         | 2 4 5 7 8 9 |  9.0
Invocations    | 2 4 6 7 8 9 |  9.1
Dodging        | 4 5 |  5.3

Action                   |  1- 3 |  4- 6 |  7- 9 | 10-12 | 13-15 | 16-18 || total
-------------------------+-------+-------+-------+-------+-------+-------++-------
Melee: Unarmed           |    96 |   131 |   314 |   551 |  1024 |   276 ||  2392
Throw: Throwing net      |       |       |       |     2 |       |       ||     2
Invok: Ancestor Life: Ba |       |       |       |     1 |       |       ||     1
       Recall Ancestor   |       |       |       |       |     2 |       ||     2
Evoke: Wand              |       |       |       |       |     2 |       ||     2
  Use: Scroll            |       |    14 |     5 |    17 |    15 |     1 ||    52
       Potion            |       |     1 |       |     4 |     1 |     1 ||     7
 Stab: Distracted        |       |       |       |     4 |    12 |     6 ||    22
Armor: Robe              |    40 |    28 |    75 |       |       |       ||   143
       Steam dragon scal |       |       |    15 |   132 |       |       ||   147
       Troll leather arm |       |       |       |    63 |   471 |    87 ||   621
       Skin              |       |       |       |       |     1 |       ||     1
       Swamp dragon scal |       |       |       |       |       |    32 ||    32
Dodge: Dodged            |    40 |    30 |    83 |   179 |   302 |    56 ||   690
Block: Kite shield       |    35 |    55 |   166 |   407 |   864 |       ||  1527
       Tower shield      |       |       |       |       |   142 |   242 ||   384

Table legend: (Time is in decaauts)
 A = Elapsed time spent in this place.
 B = Non-inter-level travel time spent in this place.
 C = Inter-level travel time spent in this place.
 D = Time resting spent in this place.
 E = Time spent auto-exploring this place.
 F = Levels seen in this place.
 G = Mean time per level.
                   A        B        C        D        E       F      G
               +--------+--------+--------+--------+--------+-----+--------+
         Total |  22286 |  20139 |   2147 |    563 |  13971 |  31 |  718.9 |
       Dungeon |  11787 |  10448 |   1339 |    220 |   7570 |  15 |  785.8 |
        Temple |    298 |    277 |     21 |      0 |    115 |   1 |  298.0 |
          Lair |   4790 |   4225 |    565 |      0 |   3562 |   5 |  958.0 |
         Swamp |   2110 |   2028 |     82 |     51 |   1387 |   4 |  527.5 |
  Orcish Mines |   1810 |   1672 |    138 |     62 |    920 |   2 |  905.0 |
         Sewer |    235 |    235 |      0 |      0 |    114 |   1 |  235.0 |
       Ossuary |    173 |    173 |      0 |      0 |    106 |   1 |  173.0 |
      Ice Cave |    733 |    733 |      0 |    229 |    165 |   1 |  733.0 |
      Gauntlet |    347 |    347 |      0 |      0 |     32 |   1 |  347.0 |
               +--------+--------+--------+--------+--------+-----+--------+

Top non-repeatable levels by time:
  Lair:5: 1170 daAuts
   Orc:2: 1158 daAuts
  Lair:3: 1037 daAuts
     D:6: 1033 daAuts
    D:14: 1001 daAuts
    D:12: 955 daAuts
  Lair:4: 929 daAuts
  Lair:2: 894 daAuts
    D:13: 877 daAuts
     D:9: 863 daAuts
     D:5: 861 daAuts
    D:10: 819 daAuts
     D:8: 782 daAuts
  Lair:1: 758 daAuts
     D:7: 743 daAuts
